 Dungeon Crawl Stone Soup version 0.30-a0-721-ga6a225cb13 (webtiles) character file.

Game seed: 4187517462765176897

2730 Ijustatesigmund the Thaumaturge (level 9, -12/50 HPs)
             Began as a Deep Elf Conjurer on Jan 27, 2023.
             Killed from afar by a deep elf zephyrmancer (39 damage)
             ... with a bolt of lightning
             ... in a bailey.
             The game lasted 00:21:04 (8542 turns).

Ijustatesigmund the Thaumaturge (Deep Elf Conjurer) Turns: 8542, Time: 00:21:05

Health: -12/50     AC:  3    Str:  7    XL:     9   Next: 40%
Magic:  25/25      EV: 15    Int: 31    God:
Gold:   669        SH:  0    Dex: 13    Spells: 26/29 levels left

rFire   + . .      SeeInvis .    e - +0 short sword (flame)
rCold   + . .      Faith    .    (no shield)
rNeg    + . .      Spirit   .    a - +1 robe of Omission {Regen+ Str+3}
rPois   .          Reflect  .    (no helmet)
rElec   .          Harm     .    (no cloak)
rCorr   .          Rampage  .    (no gloves)
Will    .....                    (no boots)
Stlth   ++                       p - amulet of magic regeneration
HPRegen 1.08/turn                f - ring of protection from cold
MPRegen 0.59/turn                r - ring "Zopeagom" {rF+ rN+ Int+3 Slay+2}

@: hasted (expiring), very quick
A: no striking features
a: no special abilities


You were in a bailey.
You visited 1 branch of the dungeon, and saw 7 of its levels.
You also visited: Ossuary and Bailey.

You collected 877 gold pieces.
You spent 208 gold pieces at shops.

Inventory:

Hand Weapons
 e - a +0 short sword of flaming (weapon)
Missiles
 k - 2 throwing nets
Armour
 a - the +1 robe of Omission (worn) {Regen+ Str+3}
   (You found it on level 3 of the Dungeon)

   Str:       It affects your strength (+3).
   Regen:     It increases your rate of health regeneration.
 h - the +2 pair of slick slippers {slick, slippery, EV+5}
   (You found it in a bailey)

   Slick:     Its wearer cannot be constricted, engulfed, netted or webbed.
   Slippery:  It slips away from damaging melee attacks, pulling the attacker
   onward.
   EV:        It affects your evasion (+5).
Jewellery
 f - a ring of protection from cold (left hand)
 p - an amulet of magic regeneration (around neck)
 r - the ring "Zopeagom" (right hand) {rF+ rN+ Int+3 Slay+2}
   (You acquired it in an ossuary)

   [ring of protection from fire]

   Int:       It affects your intelligence (+3).
   Slay:      It affects your accuracy & damage with ranged weapons and melee
   (+2).
   rF:        It protects you from fire.
   rN:        It protects you from negative energy.
 t - a ring of willpower
Wands
 i - a wand of digging (3)
Scrolls
 c - 3 scrolls of teleportation
 q - a scroll of enchant armour
Potions
 b - a potion of magic
 d - 3 potions of ambrosia
 g - a potion of lignification
 j - a potion of cancellation {unknown}
 m - 4 potions of heal wounds
 n - 2 potions of curing
 o - a potion of berserk rage {unknown}
 s - a potion of might


   Skills:
 - Level 3.0 Fighting
 + Level 7.0 Dodging
 - Level 2.4 Stealth
 + Level 10.5 Spellcasting
 + Level 9.6 Conjurations


You had 26 spell levels left.
You knew the following spells:

 Your Spells              Type           Power      Damage    Failure   Level
a - Magic Dart            Conj           100%       1d8       1%          1
b - Searing Ray           Conj           100%       2d8       1%          2

Your spell library contained the following spells:

 Spells                   Type           Power      Damage    Failure   Level
 Dazzling Flash           Conj/Hex       92%        N/A       1%          3
 Fulminant Prism          Conj/Hex       23%        3d12      4%          4
 Iskenderun's Mystic Bla  Conj/Tloc      46%        2d10      4%          4
 Ignite Poison            Fire/Tmut/Pois 16%        N/A       10%         3
 Kindle Blastsparks       Fire/Tloc/Air  32%        2d12      10%         3
 Freezing Cloud           Conj/Ice/Air   18%        6-21      22%         5


Dungeon Overview and Level Annotations

Branches:
Dungeon (7/15)             Temple (0/1) D:7         Ossuary (visited)
 Bailey (1/1)

Altars:
Wu Jian

Shops:
D:5 *

Portals:
Abyss: D:4

Annotations:
D:4 2 transporters, NoOffense's ghost, weakling TrMo


Message History

The orc warrior no longer looks unusually strong.
The orc warrior closely misses your butterfly.
Something barely misses your butterfly.
Found eight items.
Okay, then.
Okay, then.
You open the large door.
The deep elf zephyrmancer hits you but does no damage.
There is a large open translucent door here.
You see here a +0 leather armour of poison resistance.
The deep elf zephyrmancer casts a spell.
The deep elf zephyrmancer blinks!
You see here the +2 pair of slick slippers {slick, slippery, EV+5}.
h - the +2 pair of slick slippers {slick, slippery, EV+5} You can't go up here!
Unknown command.
You see here a potion of might.
The deep elf zephyrmancer casts a spell.
The deep elf zephyrmancer blinks!
You see here 11 gold pieces.
You see here an inky potion.
j - an inky potion The deep elf zephyrmancer points at you and mumbles some strange words.
The bolt of lightning hits you!!
Ouch! That really hurt!
You feel much better.
The deep elf zephyrmancer hits you with a +0 long sword.
You see here the +1 robe of the Other Side {rElec}.
You see here 11 gold pieces.
Your extra speed is starting to run out.
The deep elf zephyrmancer points at you and mumbles some strange words.
The bolt of lightning hits you!!!
Ouch! That really hurt!
* * * LOW HITPOINT WARNING * * *
You feel much better.
Okay, then.
The deep elf zephyrmancer points at you and mumbles some strange words.
The bolt of lightning hits you!!!
Ouch! That really hurt!
You die...

♣..≈≈≈≈ ### ####b.bb≈
#..##########.$#.bb≈≈
.........b..bb#obbbb
#...........b##bbbbb
#..########..#b.obb≈
#.8##...!##8b#bbo###
#..#...e[!#bb#b.bb.b
#..@..##$.#bbbb.bb.b
#..'..##.[#b.b.bb...
#..#....[$#.b#.b.b..
#.8##...!##8.#bbb###
#..########..#....≈≈
#.....o....bb##.♣.≈≈
#..............#...≈≈
#$.##########).#..♣≈≈
#### ####..♣≈≈


You could see a deep elf zephyrmancer and an orc warrior (ally target).

Vanquished Creatures
  A two-headed ogre (D:6)
  2 black bears
  An ice beast (D:7)
  4 orc warriors (Bailey)
  A phantom (D:6)
  A necrophage (D:5)
  2 bullfrogs (D:7)
  3 scorpions
  A jelly (D:6)
  3 centaur zombies (Ossuary)
  A human zombie (Ossuary)
  3 orc priests
  A gnoll bouda (D:6)
  4 hounds
  Ijyb (D:5)
  Jessica (D:3)
  10 iguanas
  3 orc wizards
  2 mummies (Ossuary)
  9 adders
  4 gnolls (D:5)
  2 river rats (D:6)
  2 white imps
  An ufetubus (D:6)
  2 worms
  2 dart slugs (D:2)
  11 orcs
  10 ball pythons
  7 bats
  3 endoplasms
  4 giant cockroaches
  11 goblins
  7 hobgoblins
  A jackal (D:3)
  3 kobolds
  6 quokkas
  6 frilled lizards
  A goblin zombie (Ossuary)
  11 hobgoblin zombies (Ossuary)
  3 jackal zombies (Ossuary)
  8 kobold zombies (Ossuary)
  9 orc zombies (Ossuary)
  14 rats
  A rat zombie (Ossuary)
183 creatures vanquished.

Vanquished Creatures (others)
  7 plants (D:4)
7 creatures vanquished.

Grand Total: 190 creatures vanquished

Notes
Turn   | Place    | Note
-------+----------+-------------------------------------------
     0 | D:1      | Ijustatesigmund the Deep Elf Conjurer began the quest for
                  | the Orb.
     0 | D:1      | Reached XP level 1. HP: 10/10 MP: 6/6
   287 | D:1      | Reached XP level 2. HP: 15/15 MP: 5/8
   438 | D:1      | Found a faded altar of an unknown god.
  1161 | D:2      | Reached skill level 4 in Spellcasting
  1191 | D:2      | Reached XP level 3. HP: 19/19 MP: 4/10
  1194 | D:2      | Learned a level 2 spell: Searing Ray
  1247 | D:2      | Reached skill level 5 in Conjurations
  1255 | D:2      | Found an ornate altar of the Wu Jian Council.
  1924 | D:2      | Reached XP level 4. HP: 24/24 MP: 10/12
  2430 | D:3      | Reached skill level 5 in Spellcasting
  2577 | D:3      | Noticed Jessica
  2578 | D:3      | Killed Jessica
  2951 | D:3      | Reached XP level 5. HP: 23/28 MP: 9/15
  2953 | D:3      | Identified the +1 robe of Omission {Regen+ Str+3}
  3221 | D:3      | Identified a scroll of acquirement
  3221 | D:3      | Acquired 482 gold pieces
  3737 | D:4      | Found a transporter.
  3886 | D:4      | Found a transporter.
  3909 | D:4      | Noticed a small abomination
  3910 | D:4      | Found a one-way gate to the infinite horrors of the Abyss.
  3910 | D:4      | Noticed NoOffense's ghost (weakling TrMo)
  3932 | D:4      | Reached skill level 1 in Fighting
  3932 | D:4      | Reached skill level 6 in Spellcasting
  4087 | D:4      | Noticed a black bear
  4092 | D:4      | Killed a black bear
  4093 | D:4      | Reached XP level 6. HP: 33/34 MP: 10/17
  5048 | D:5      | Entered Level 5 of the Dungeon
  5055 | D:5      | Reached XP level 7. HP: 40/40 MP: 12/19
  5206 | D:5      | Reached skill level 7 in Spellcasting
  5303 | D:5      | Found Uduryut's General Store.
  5311 | D:5      | Noticed Ijyb
  5319 | D:5      | Killed Ijyb
  5380 | D:5      | Bought a potion of heal wounds for 65 gold pieces
  5380 | D:5      | Bought a scroll of teleportation for 39 gold pieces
  5380 | D:5      | Bought 2 scrolls of butterflies for 104 gold pieces
  6106 | D:6      | Reached skill level 8 in Spellcasting
  6107 | D:6      | Found a sand-covered staircase.
  6112 | Ossuary  | Entered an ossuary
  6963 | Ossuary  | Reached XP level 8. HP: 39/46 MP: 9/22
  7547 | Ossuary  | Acquired an amulet of magic regeneration
  7554 | Ossuary  | Acquired the ring "Zopeagom" {rF+ rN+ Int+3 Slay+2}
  7776 | D:6      | Identified the +2 plate armour of Ydwivvau {rElec rF+ MP+9}
  7777 | D:6      | Noticed a two-headed ogre
  7797 | D:6      | Killed a two-headed ogre
  7798 | D:6      | Reached skill level 5 in Dodging
  7798 | D:6      | Reached skill level 9 in Spellcasting
  7856 | D:6      | Reached XP level 9. HP: 50/50 MP: 20/24
  7923 | D:6      | Noticed a boulder beetle
  8073 | D:7      | Reached skill level 10 in Spellcasting
  8077 | D:7      | Found a flagged portal.
  8106 | Bailey   | Entered a bailey
  8480 | Bailey   | Noticed an orc knight
  8511 | Bailey   | Found a large runed translucent door.
  8511 | Bailey   | Found a large runed translucent door.
  8512 | Bailey   | Noticed a deep elf zephyrmancer
  8513 | Bailey   | Found the +2 pair of slick slippers {slick, slippery, EV+5}
  8535 | Bailey   | Identified the +1 robe of the Other Side {rElec}
  8539 | Bailey   | HP: 2/50 [deep elf zephyrmancer/bolt of lightning (41)]
  8542 | Bailey   | Killed from afar by a deep elf zephyrmancer

Illustrated notes

Levels and vault maps discovered:
D:1:      psy_arrival_basics, layout_loops_cross,
          shapermc_ecumenical_altar_totnotflames, amcnicky_mini_pool_small,
          minmay_misc_feat_rugged, hangedman_decor_push
D:2:      layout_loops_ring, basic_altar, kennysheep_crisscross,
          minmay_misc_feat_columns, dreamdust_princess_bridge
D:3:      layout_rooms, minmay_fractal_squares_5, uniq_jessica
D:4:      layout_gridville, gammafunk_ghost_abyssal_escape, serial_bayou_ford_a
D:5:      layout_rooms, serial_shops, nicolae_shop_trees, uniq_ijyb
D:6:      hangedman_cross_stitches, layout_basic, portal_sewer_entry_e,
          enter_ossuary_2
D:7:      layout_cave_pools, gammafunk_temple_overflow_statue,
          minmay_temple_entry_mini_moons, enter_bailey_5, minmay_crossroads
Bailey:   bailey_polearm_elven_captive_hellmonk, bailey

Skill      XL: |  1  2  3  4  5  6  7  8  9 |
---------------+----------------------------+-----
Spellcasting   | 4 5 6 8 9 10 | 10.5
Conjurations   | 5 6 7 9 |  9.6
Fighting       | 1 2 3 |  3.0
Dodging        | 3 6 7 |  7.0
Stealth        | |  2.4

Action                     |  1- 3 |  4- 6 |  7- 9 || total
---------------------------+-------+-------+-------++-------
  Melee: Short sword       |       |     1 |     1 ||     2
   Cast: Magic Dart        |    69 |    88 |   173 ||   330
         Searing Ray       |       |    14 |    53 ||    67
    Use: Scroll            |       |    14 |    13 ||    27
         Potion            |       |       |     4 ||     4
   Stab: Sleeping          |       |     1 |     1 ||     2
 Armour: Robe              |       |     3 |    16 ||    19
  Dodge: Dodged            |     5 |    19 |    60 ||    84

Table legend: (Time is in decaauts)
 A = Elapsed time spent in this place.
 B = Non-inter-level travel time spent in this place.
 C = Inter-level travel time spent in this place.
 D = Time resting spent in this place.
 E = Time spent auto-exploring this place.
 F = Levels seen in this place.
 G = Mean time per level.
                   A        B        C        D        E       F      G
               +--------+--------+--------+--------+--------+-----+--------+
         Total |   8545 |   8400 |    145 |   3301 |   3933 |   9 |  949.4 |
       Dungeon |   6609 |   6464 |    145 |   1979 |   3650 |   7 |  944.1 |
       Ossuary |   1514 |   1514 |      0 |   1080 |    223 |   1 | 1514.0 |
        Bailey |    421 |    421 |      0 |    242 |     60 |   1 |  421.0 |
               +--------+--------+--------+--------+--------+-----+--------+

Top non-repeatable levels by time:
     D:4: 1679 daAuts
 Ossuary: 1514 daAuts
     D:2: 1209 daAuts
     D:1: 1129 daAuts
     D:3: 1045 daAuts
     D:5: 1030 daAuts
     D:6: 425 daAuts
  Bailey: 421 daAuts
     D:7: 90 daAuts
